 Dungeon Crawl Stone Soup version 0.28.0-45-g0d030f2227 (webtiles) character file.

Game seed: 5769599939507066499

90 mortz the Conjurer (level 4, -1/24 HPs)
             Began as a Deep Elf Conjurer on Apr 3, 2022.
             Slain by Ijyb
             ... wielding a +0 dagger
              (2 damage)
             ... on level 3 of the Dungeon.
             The game lasted 00:09:57 (2246 turns).

mortz the Conjurer (Deep Elf Conjurer)              Turns: 2246, Time: 00:09:57

Health: -1/24      AC:  2    Str:  4    XL:     4   Next: 32%
Magic:  0/11       EV: 12    Int: 25    God:
Gold:   55         SH:  0    Dex: 13    Spells: 7/10 levels left

rFire   . . .      SeeInvis .   e - +0 hand axe {axe}
rCold   . . .      Faith    .   (no shield)
rNeg    . . .      Spirit   .   a - +0 robe
rPois   .          Reflect  .   (no helmet)
rElec   .          Harm     .   (no cloak)
rCorr   .          Rampage  .   (no gloves)
Will    .....                   (no boots)
Stlth   ++........              (no amulet)
HPRegen 0.08/turn               (no ring)
MPRegen 0.12/turn               (no ring)

@: no status effects
A: no striking features
a: no special abilities


You were on level 3 of the Dungeon.
You visited 1 branch of the dungeon, and saw 3 of its levels.

You collected 55 gold pieces.


   Skills:
 + Level 2.8 Dodging
 + Level 2.8 Stealth
 + Level 3.6 Spellcasting
 + Level 5.8 Conjurations
 * Level 0.3 Translocations


You had 7 spell levels left.
You knew the following spells:

 Your Spells              Type           Power      Damage    Failure   Level
a - Magic Dart            Conj           100%       1d8       1%          1
b - Searing Ray           Conj           66%        2d6       1%          2

Your spell library contained the following spells:

 Spells                   Type           Power      Damage    Failure   Level
 Apportation              Tloc           12%        N/A       9%          1
 Dazzling Flash           Conj/Hex       38%        N/A       9%          3
 Animate Skeleton         Necr           8%         N/A       10%         1
 Summon Small Mammal      Summ           16%        N/A       10%         1
 Iskenderun's Mystic Bla  Conj/Tloc      20%        2d6       26%         4
 Fulminant Prism          Conj/Hex       9%         3d7       28%         4

Inventory:

Hand Weapons
 e - a +0 hand axe (weapon) {axe}
   (You found it on level 1 of the Dungeon)
Missiles
 c - 17 arrows
 f - 88 stones {throwing}
Armour
 a - a +0 robe (worn)
Scrolls
 g - 2 scrolls of identify {@r1}
Potions
 b - 2 potions of heal wounds {@q2}
 d - a potion of ambrosia {unknown}
 h - a potion of flight {unknown}
 i - a potion of resistance {unknown}
 j - a potion of brilliance {unknown}
 l - a potion of magic {unknown}

Dungeon Overview and Level Annotations

Branches:
Dungeon (3/15)

Altars:

Shops:
D:1 ([([[

Annotations:
D:3 Ijyb

## .# .# ### .# ..# .#
#.# .##########.#
##....g.....#.#
#g#########.#.#####
#.@..........>..†..
##Sl######..#.#####
#†.#### #..#.# ######
#### ##.....# #..#.#
.....####..####..†...#
#..#.#
....)..g.............#
#..#.#
.......#.............#
#..#.#
..g.####....♣♣..♣....#
#..#.# ≈≈..
#..P.♣≈≈..P...# #..#.#


You could see Ijyb, an adder and a frilled lizard.


Message History

Aiming: Searing Ray (safe; 1% risk of failure)
Press: ? - help, Shift-Dir - straight line, f - quokka
Aim: a quokka (73% to hit)
The searing ray hits the bat.
The searing ray hits the quokka!
You kill the quokka! (Press . to maintain the ray.)
The bat hits you. The bat misses you. 😕 HP[-1] MP[-2]
You take 1 damage, and now have 23/24 hp.
You lost 2 mp, and now have 9/11 mp.
The searing ray hits the bat!
You kill the bat!
The searing ray hits the adder!
You kill the adder!
The searing ray hits the kobold!
You kill the kobold! 😕 MP[-1]
You lost 1 mp, and now have 8/11 mp.
You start resting.
A hobgoblin is nearby! 😕 MP[+1] 😎 HP[+1]
Your hp is fully restored (24).
You hear the rusting of a drain very nearby.
Ijyb the Twisted Goblin comes into view.
She is wielding a +0 dagger and carrying a wand of iceblast (3).
Ijyb shouts! 😎 MP[+1]
Casting: Searing Ray (safe; 1% risk of failure)
Confirm with . or Enter, or press ? or * to list all spells.
You can't see any susceptible monsters within range! (Use Z to cast anyway.) Unknown command.
Aiming: Magic Dart (safe; 1% risk of failure)
Press: ? - help, Q - select action, (/) - cycle Shift-Dir - straight line, f - Ijyb
Aim: Ijyb, wielding a +0 dagger, wearing a +0 ring mail and carrying a wand of iceblast (3) (100% to hit)
The magic dart hits Ijyb but does no damage.
Ijyb zaps a wand.
The mass of ice explodes!
The iceblast engulfs you!
Ouch! That really hurt!
* * * LOW HITPOINT WARNING * * *
You hear an angry hiss. x3 😨 HP[-14] MP[-1]
You take 14 damage, and now have 10/24 hp.
MASSIVE DAMAGE!! (PAUSE)
You lost 1 mp, and now have 9/11 mp.
The hobgoblin shouts!
Aiming: Magic Dart (safe; 1% risk of failure)
Press: ? - help, Q - select action, (/) - cycle Shift-Dir - straight line, f - hobgoblin
Aim: a hobgoblin (100% to hit)
The magic dart hits the hobgoblin. 😨 MP[-1]
You lost 1 mp, and now have 8/11 mp.
Aiming: Magic Dart (safe; 1% risk of failure)
Press: ? - help, Q - select action, (/) - cycle Shift-Dir - straight line, f/p - hobgoblin
Aim: a hobgoblin (moderately wounded, 100% to hit)
The magic dart hits the hobgoblin.
You kill the hobgoblin! 😨 MP[-1]
You lost 1 mp, and now have 7/11 mp.
You start resting.
There are monsters nearby!
Casting: Magic Dart (safe; 1% risk of failure)
Confirm with . or Enter, or press ? or * to list all spells.
Aiming: Searing Ray (safe; 1% risk of failure)
Press: ? - help, Shift-Dir - straight line, f - Ijyb
Aim: Ijyb, wielding a +0 dagger, wearing a +0 ring mail and carrying a wand of iceblast (2) (78% to hit)
The searing ray hits Ijyb but does no damage. (Press . to maintain the ray.) Ijyb barely misses you. 😨 MP[-2]
You lost 2 mp, and now have 5/11 mp.
The searing ray misses Ijyb.
Ijyb hits you with a +0 dagger.
* * * LOW HITPOINT WARNING * * *
😨 HP[-1]
You take 1 damage, and now have 9/24 hp.
The searing ray hits Ijyb.
Ijyb hits you with a +0 dagger.
* * * LOW HITPOINT WARNING * * *
😱 HP[-3] MP[-1]
You take 3 damage, and now have 6/24 hp.
You lost 1 mp, and now have 4/11 mp.
The searing ray hits Ijyb!
You finish channelling your searing ray.
Ijyb hits you with a +0 dagger.
* * * LOW HITPOINT WARNING * * *
😱 HP[-3] MP[-1]
You take 3 damage, and now have 3/24 hp.
You lost 1 mp, and now have 3/11 mp.
Casting: Searing Ray (safe; 1% risk of failure)
Confirm with . or Enter, or press ? or * to list all spells.
Aiming: Searing Ray (safe; 1% risk of failure)
Press: ? - help, Shift-Dir - straight line, f/p - Ijyb
Aim: Ijyb, wielding a +0 dagger, wearing a +0 ring mail and carrying a wand of iceblast (2) (severely wounded, 78% to hit)
The searing ray hits Ijyb. (Press . to maintain the ray.)
The adder misses you. Ijyb barely misses you. 😱 MP[-2]
You lost 2 mp, and now have 1/11 mp.
The searing ray hits Ijyb.
The adder bites you.
* * * LOW HITPOINT WARNING * * *
Ijyb hits you with a +0 dagger.
You die...

Skill      XL: |  1  2 |
---------------+-------+-----
Conjurations   | 5 |  5.8
Dodging        | |  2.8
Stealth        | |  2.8
Spellcasting   | |  3.6
Translocations | |  0.3

Action                   |  1- 3 |  4- 6 || total
-------------------------+-------+-------++-------
 Cast: Magic Dart        |    34 |    15 ||    49
       Searing Ray       |     6 |     3 ||     9
  Use: Scroll            |     5 |       ||     5
Armor: Robe              |     1 |       ||     1
Dodge: Dodged            |     3 |     6 ||     9

Levels and vault maps discovered:
D:1:      sevenhm_arrival_forest_fort_small_1, layout_basic, serial_shops,
          nicolae_shop_advertising_works [nicolae_subvault_shop_adworks],
          nicolae_shop_bloodbath_and_beyond, shop, nicolae_shop_waterfront,
          nicolae_shop_waterfront
D:2:      layout_basic, shapermc_ecumenical_altar_mp_urbaneastern,
          minmay_tetromino_t4, uniq_jessica
D:3:      layout_basic, serial_bayou, serial_bayou_pond_a, serial_bayou_pond_e,
          serial_bayou_lagoon_b, serial_bayou_pond_b, gup_sewer_entry_bubbles,
          minmay_door_square, nrook_mini_backslash, minmay_distorted, uniq_ijyb

Notes
Turn   | Place    | Note
-------+----------+-------------------------------------------
     0 | D:1      | mortz the Deep Elf Conjurer began the quest for the Orb.
     0 | D:1      | Reached XP level 1. HP: 10/10 MP: 6/6
     0 | D:1      | magus.rc [v1.9.6]
   155 | D:1      | Found Upruwk's Weapon Emporium.
   244 | D:1      | You pick up a book of Cantrips and begin reading...
   244 | D:1      | You add the spells Animate Skeleton, Summon Small Mammal
                  | and Apportation to your library.
   307 | D:1      | Found Ted Isma's Armour Emporium.
   313 | D:1      | Found Egiyff's Antique Weapon Shoppe.
   334 | D:1      | Found Ciusijiw's Antique Armour Shop.
   376 | D:1      | Found Icogan's Antique Armour Shop.
   762 | D:2      | Reached XP level 2. HP: 15/15 MP: 6/8
   772 | D:1      | Learned a level 2 spell: Searing Ray
   782 | D:2      | Noticed Jessica
   783 | D:2      | Killed Jessica
   784 | D:2      | Reached skill level 5 in Conjurations
   784 | D:2      | Reached XP level 3. HP: 19/19 MP: 6/9
   947 | D:2      | Found a faded altar of an unknown god.
  1956 | D:3      | Reached XP level 4. HP: 24/24 MP: 3/11
  2234 | D:3      | Noticed Ijyb
  2243 | D:3      | HP: 6/24 [Ijyb/+0 dagger (3)]
  2246 | D:3      | HP: 1/24 [adder (2)]
  2246 | D:3      | Slain by Ijyb

Vanquished Creatures
  Jessica (D:2)
  2 adders
  A worm (D:2)
  2 endoplasms
  3 giant cockroaches
  2 goblins
  5 hobgoblins
  4 jackals (D:3)
  A quokka (D:3)
  5 ball pythons
  4 bats
  4 frilled lizards
  4 kobolds
  3 rats
41 creatures vanquished.

Vanquished Creatures (others)
  2 fungi (D:2)
  9 plants
11 creatures vanquished.

Grand Total: 52 creatures vanquished

Table legend:
 A = Non-vault XP
 B = Vault XP
 C = Vault XP percentage of total XP
 D = Non-vault monster count
 E = Vault monster count
 F = Vault count percentage of total count
                 A         B        C        D         E       F
            +---------+---------+-------+---------+---------+-------
      Total |      72 |      57 |  44.2 |      35 |       6 |  14.6
            +---------+---------+-------+---------+---------+-------
        D:1 |       9 |       0 |   0.0 |       8 |       0 |   0.0
        D:2 |      44 |      40 |  47.6 |      17 |       3 |  15.0
        D:3 |      19 |      17 |  47.2 |      10 |       3 |  23.1
            +---------+---------+-------+---------+---------+-------

Illustrated notes

Table legend:
 A = Kills in this place as a percentage of kills in entire the game.
 B = Kills by you in this place as a percentage of kills by you in the entire game.
 C = Kills by friends in this place as a percentage of kills by friends in the entire game.
 D = Other kills in this place as a percentage of other kills in the entire game.
 E = Experience gained in this place as a percentage of experience gained in the entire game.
 F = Experience gained in this place divided by the number of levels of this place that you have seen.
                   A       B       C       D       E      F
               +-------+-------+-------+-------+-------+----------------------
         Total | 100.0 | 100.0 |   N/A |   N/A | 100.0 |  43.0
       Dungeon | 100.0 | 100.0 |   N/A |   N/A | 100.0 |  43.0
               +-------+-------+-------+-------+-------+----------------------

Table legend: (Time is in decaauts)
 A = Elapsed time spent in this place.
 B = Non-inter-level travel time spent in this place.
 C = Inter-level travel time spent in this place.
 D = Time resting spent in this place.
 E = Time spent auto-exploring this place.
 F = Levels seen in this place.
 G = Mean time per level.
                   A        B        C        D        E       F      G
               +--------+--------+--------+--------+--------+-----+--------+
         Total |   2251 |   2109 |    142 |    155 |   1658 |   3 |  750.3 |
       Dungeon |   2251 |   2109 |    142 |    155 |   1658 |   3 |  750.3 |
               +--------+--------+--------+--------+--------+-----+--------+

Top non-repeatable levels by time:
     D:2: 1319 daAuts
     D:1: 753 daAuts
     D:3: 178 daAuts
